 Dungeon Crawl Stone Soup version 0.23-a0-703-gdf2d5e0dd9 (webtiles) character file.

272 LLavrengius the Cutter (level 6, -1/43 HPs)
             Began as an Octopode Fighter on Jan 13, 2019.
             Was an Initiate of Gozag.
             Slain by an orc wizard
             ... wielding a +0 dagger of flaming
              (2 damage)
             ... on level 4 of the Dungeon.
             The game lasted 00:05:07 (2846 turns).

LLavrengius the Cutter (Octopode Fighter)           Turns: 2846, Time: 00:05:08

Health: -1/43      AC:  1    Str: 15    XL:     6   Next: 23%
Magic:  6/6        EV: 12    Int: 11    God:    Gozag
Gold:   263        SH:  8    Dex: 13    Spells: 5/5 levels left

rFire    . . .     SeeInvis .   s - +2 dagger (drain)
rCold    . . .     Gourm    .   b - +0 shield
rNeg     . . .     Faith    .   (helmet restricted)
rPois    .         Spirit   .   (no amulet)
rElec    .         Reflect  .   m - ring of attention (curse)
rCorr    .         Harm     .   (no ring)
MR       .....                  (no ring)
Stlth    ++........             (no ring)
HPRegen  0.14/turn              (no ring)
MPRegen  0.10/turn              (no ring)
                                (no ring)
                                (no ring)

@: gold aura
A: almost no armour, stealthy swim, amphibious, 8 rings, constrict 8, camouflage
1, gelatinous body 1
a: Potion Petition, Call Merchant, Bribe Branch, Renounce Religion


You were on level 4 of the Dungeon.
You worshipped Gozag.
Gozag was aware of your devotion.
You were not hungry.

You visited 1 branch of the dungeon, and saw 4 of its levels.

You collected 297 gold pieces.
You paid 34 gold pieces to Gozag.

Inventory:

Hand Weapons
 a - a +0 rapier
 i - a +0 dagger of speed
 j - a +0 dagger of protection
 s - a +2 dagger of draining (weapon)
Armour
 b - a +0 shield (worn)
Magical Staves
 x - an uncursed staff of conjuration {unknown}
Jewellery
 m - a cursed ring of attention (left tentacle)
Scrolls
 g - 5 scrolls of teleportation {unknown}
 h - a scroll of fog {unknown}
 n - 4 scrolls of fear {unknown}
 p - a scroll of immolation {unknown}
 q - 2 scrolls of magic mapping {unknown}
 r - 2 scrolls of enchant weapon {unknown}
 t - a scroll of amnesia {unknown}
 v - 4 scrolls of identify {unknown}
Potions
 c - a potion of might
 e - 2 potions of curing {unknown}
 f - 4 potions of heal wounds {unknown}
 k - a potion of agility {unknown}
 l - a potion of flight {unknown}
 o - a potion of degeneration {unknown}
 u - a potion of magic {unknown}
 w - a potion of brilliance {unknown}
Comestibles
 d - 2 rations


   Skills:
 + Level 4.2 Fighting
 * Level 5.0 Short Blades
 - Level 3.0 Dodging
 - Level 3.3 Stealth
 - Level 3.0 Shields


You had 5 spell levels left.
You didn't know any spells.
Your spell library was empty.

Dungeon Overview and Level Annotations

Branches:
Dungeon (4/15)
 Temple: D:4-7

Altars:
Gozag
Okawaru


Innate Abilities, Weirdness & Mutations

You cannot wear most types of armour.
You are very stealthy in the water. (Stealth+)
You are amphibious.
You can wear up to eight rings at the same time.
You can use your tentacles to constrict eight enemies at once.
Your skin changes colour to match your surroundings (Stealth+).
Your rubbery body absorbs attacks. (AC +1, EV +1)


Message History

You constrict the orc wizard. The orc wizard casts a spell at you.
The magic dart hits you!
* * * LOW HITPOINT WARNING * * *
You hit the orc wizard but do no damage.
The orc wizard is severely wounded.
You constrict the orc wizard.
The orc wizard hits you with a +0 dagger.
* * * LOW HITPOINT WARNING * * *
Something completely misses you.
You hit the orc wizard but do no damage.
The orc wizard is almost dead.
You constrict the orc wizard. The orc wizard completely misses you.
You hit the orc wizard.
You kill the orc wizard!
Your Short Blades skill increases to level 5!
Something hits you but does no damage.
You hit something but do no damage. You squeeze something. Something hits you.
You die...
Your body crumbles into a pile of gold.

# #.
###.#####
.......# $
#.#...##
.### #......
.'.. # #.$$#
### #. #.@#
#
##.###.####
#
..........(#
#
##.....###.#
#+# #
#.###.###.#
#.# #
#.........#
#.# #
#####.#####
##.#### #
#.# ##.....#
# #.#
#......####


There were no monsters in sight!

Vanquished Creatures
  A scorpion (D:4)
  2 orc priests (D:4)
  A centaur skeleton (D:4)
  An orc wizard (D:4)
  4 adders
  2 worms
  2 dart slugs
  2 leopard geckos (D:3)
  5 orcs
  9 bats
  6 giant cockroaches
  11 goblins
  4 hobgoblins
  4 frilled lizards
  3 kobolds
  A leopard gecko skeleton (D:4)
  7 rats
65 creatures vanquished.

Notes
Turn   | Place    | Note
-------+----------+-------------------------------------------
     0 | D:1      | LLavrengius the Octopode Fighter began the quest for the
                  | Orb.
     0 | D:1      | Reached XP level 1. HP: 16/16 MP: 1/1
    92 | D:1      | Reached skill level 1 in Stealth
   222 | D:1      | Reached XP level 2. HP: 21/21 MP: 2/2
   895 | D:2      | Found an iron altar of Okawaru.
   920 | D:2      | Reached XP level 3. HP: 26/26 MP: 3/3
  1402 | D:3      | Found a faded altar of an unknown god.
  1571 | D:3      | Found an opulent altar of Gozag.
  1602 | D:3      | Became a worshipper of Gozag Ym Sagoz the Greedy
  1650 | D:3      | Reached skill level 3 in Short Blades
  1651 | D:3      | Reached XP level 4. HP: 31/31 MP: 4/4
  2327 | D:4      | Reached XP level 5. HP: 34/36 MP: 5/5
  2346 | D:4      | Reached skill level 4 in Short Blades
  2840 | D:4      | Reached XP level 6. HP: 13/43 MP: 6/6
  2843 | D:4      | HP: 1/43 [orc wizard/+0 dagger (3)]
  2845 | D:4      | Reached skill level 5 in Short Blades
  2846 | D:4      | Slain by an orc wizard

Vault maps used:
D:1:      dpeg_arrival_three_same_balls, minmay_misc_feat_four_crosses
D:2:      okawaru_trees_1
D:3:      chequers_ecumenical_altar_simple_redux,
          nicolae_gozag_cash_rules_everything_around_me

Skill      XL: |  1  2  3  4  5  6 |
---------------+-------------------+-----
Stealth        | 2 3 |  3.3
Short Blades   | 3 4 5 |  5.0
Fighting       | 4 |  4.2
Dodging        | |  3.0
Shields        | |  3.0

Action                   |  1- 3 |  4- 6 || total
-------------------------+-------+-------++-------
Melee: Rapier            |    21 |       ||    21
       Constrict         |    12 |    14 ||    26
       Tentacles         |     8 |    16 ||    24
       Dagger            |    49 |    59 ||   108
 Stab: Sleeping          |    10 |     5 ||    15
  Eat: Chunk             |     2 |       ||     2
       Ration            |       |     2 ||     2
Armor: Skin              |    18 |     1 ||    19
Dodge: Dodged            |    26 |    17 ||    43
Block: Shield            |    30 |    15 ||    45

Table legend:
 A = Non-vault XP
 B = Vault XP
 C = Vault XP percentage of total XP
 D = Non-vault monster count
 E = Vault monster count
 F = Vault count percentage of total count
                 A         B        C        D         E       F
            +---------+---------+-------+---------+---------+-------
      Total |     389 |       0 |   0.0 |      65 |       0 |   0.0
            +---------+---------+-------+---------+---------+-------
        D:1 |      26 |       0 |   0.0 |      16 |       0 |   0.0
        D:2 |      32 |       0 |   0.0 |      17 |       0 |   0.0
        D:3 |      71 |       0 |   0.0 |      22 |       0 |   0.0
        D:4 |     260 |       0 |   0.0 |      10 |       0 |   0.0
            +---------+---------+-------+---------+---------+-------
